 Dungeon Crawl Stone Soup version 0.17.0 (webtiles) character file.

100 Softman25 the Skirmisher (level 4, 0/36 HPs)
             Began as a Demonspawn Berserker on Nov 19, 2015.
             Was a Believer of Trog.
             Succumbed to Sigmund's poison
             ... on level 3 of the Dungeon on Nov 20, 2015.
             The game lasted 00:12:13 (2327 turns).

Softman25 the Skirmisher (Demonspawn Berserker)     Turns: 2327, Time: 00:12:13

Health: 0/36       AC:  3    Str: 19    XL:     4   Next: 46%
Magic:  4/4        EV: 13    Int:  8    God:    Trog [**....]
Gold:   46         SH:  0    Dex: 12    Spells: 0 memorised, 3 levels left

rFire  . . .     SeeInvis .     a - +1 mace
rCold  . . .     Clarity  .     b - +1 animal skin
rNeg   . . .     SustAt   .     (no shield)
rPois  .         Gourm    .     (helmet restricted)
rElec  .         Spirit   .     (no cloak)
rCorr  .         Warding  .     (no gloves)
rMut   .         Stasis   .     (no boots)
MR     .....                    (no amulet)
Stlth  +.........               (no ring)
                                d - ring of flight

@: lethally poisoned (0 -> -17), not resistant to hostile enchantments, very
unstealthy
A: antennae 1, claws 1, demonic guardian 1
a: Berserk, Trog's Hand, Burn Spellbooks, Renounce Religion, Evoke Flight


You were on level 3 of the Dungeon.
You worshipped Trog.
Trog was pleased with you.
You were hungry.

You visited 1 branch of the dungeon, and saw 3 of its levels.

You collected 46 gold pieces.

Inventory:

Hand Weapons
 a - a +1 mace (weapon)
Armour
 b - a +1 animal skin (worn)
Jewellery
 d - a ring of flight (left claw)
Scrolls
 g - a scroll of enchant weapon
Potions
 e - a potion of curing
 f - a potion of might {unknown}


   Skills:
 + Level 3.6 Fighting
 + Level 3.5 Maces & Flails
 + Level 1.8 Armour
 + Level 3.0 Dodging
 + Level 0.4 Stealth


You had 3 spell levels left.
You didn't know any spells.

Dungeon Overview and Level Annotations

Branches:
Dungeon (3/15)

Altars:
Fedhas

Annotations:
D:2 exclusion: oklob plant
D:3 Sigmund


Innate Abilities, Weirdness & Mutations

You have a pair of small antennae on your head.
You have sharp fingernails.
A weak demonic guardian rushes to your aid.


Message History

Sigmund gestures at you while chanting. The magic dart hits you!
* * * LOW HITPOINT WARNING * * *
Are you sure you want to stumble around while confused and next to your ufetubus?
You bump into the rock wall.
You feel less confused.
* * * LOW HITPOINT WARNING * * *
You feel sick.
Sigmund hits you with a scythe of venom.
* * * LOW HITPOINT WARNING * * *
You are more poisoned.
You hit Sigmund.
Sigmund is moderately wounded.
* * * LOW HITPOINT WARNING * * *
You feel sick.
Your ufetubus hits Sigmund. Your ufetubus hits Sigmund.
Sigmund hits you with a scythe of venom.
* * * LOW HITPOINT WARNING * * *
You barely miss Sigmund.
Sigmund is severely wounded.
You die...

## #####...#
#5.......
#@###.... #@# .
#5# #5# #.# #.#
#.# #.# #.#
##############.#


You could see Sigmund and 3 friendly ufetubi.

Vanquished Creatures
  Jessica (D:2)
  2 adders (D:2)
  An ooze (D:2)
  A worm (D:2)
  3 giant geckos
  6 bats
  3 giant cockroaches (D:2)
  7 goblins
  4 hobgoblins
  7 kobolds
  5 giant newts
  8 rats
  3 fungi (D:2)
51 creatures vanquished.

Vanquished Creatures (others)
  11 toadstools (D:2)
11 creatures vanquished.

Grand Total: 62 creatures vanquished

Notes
Turn   | Place    | Note
--------------------------------------------------------------
     0 | D:1      | Softman25 the Demonspawn Berserker began the quest for the Orb.
     0 | D:1      | Reached XP level 1. HP: 18/18 MP: 1/1
   330 | D:1      | Gained mutation: You have a pair of small antennae on your head. [demonic ancestry]
   330 | D:1      | Reached XP level 2. HP: 18/24 MP: 2/2
   608 | D:1      | Reached ** piety under Trog
   937 | D:2      | Noticed Jessica
   951 | D:2      | Killed Jessica
   951 | D:2      | Gained mutation: You have sharp fingernails. [demonic ancestry]
   951 | D:2      | Reached XP level 3. HP: 29/29 MP: 3/3
  1328 | D:2      | Gained mutation: A weak demonic guardian rushes to your aid. [demonic ancestry]
  1328 | D:2      | Reached XP level 4. HP: 19/36 MP: 4/4
  2061 | D:2      | Found a blossoming altar of Fedhas.
  2084 | D:2      | Noticed an oklob plant
  2313 | D:3      | Noticed Sigmund
  2327 | D:3      | Succumbed to Sigmund's poison

Action                   |  1- 3 |  4- 6 || total
-------------------------+-------+-------++-------
Melee: Mace              |    74 |   100 ||   174
Invok: Berserk           |     2 |       ||     2
  Use: Scroll            |     8 |       ||     8
 Stab: Sleeping          |     2 |     1 ||     3
  Eat: Pizza             |     1 |       ||     1
       Bread ration      |     1 |       ||     1
